 Dungeon Crawl Stone Soup version 0.27-a0-1191-g601b473118 (webtiles) character file.

Game seed: 12531931453765699017

84 st0uf the Skirmisher (level 4, -4/41 HPs)
             Began as a Minotaur Fighter on May 23, 2021.
             Killed by nerve-wracking pain
             ... invoked by Grinder
              (8 damage)
             ... on level 3 of the Dungeon.
             The game lasted 00:02:36 (2475 turns).

st0uf the Skirmisher (Minotaur Fighter)             Turns: 2475, Time: 00:02:36

Health: -4/41      AC:  8    Str: 20    XL:     4   Next: 24%
Magic:  3/3        EV:  7    Int:  5    God:
Gold:   186        SH:  9    Dex: 11    Spells: 3/3 levels left

rFire    . . .     SeeInvis .   a - +0 war axe
rCold    . . .     Faith    .   c - +0 kite shield
rNeg     . . .     Spirit   .   b - +0 scale mail
rPois    .         Reflect  .   (helmet restricted)
rElec    .         Harm     .   (no cloak)
rCorr    .         Rampage  .   (no gloves)
Will     .....                  f - +0 pair of boots
Stlth    ..........             (no amulet)
HPRegen  0.13/turn              (no ring)
MPRegen  0.08/turn              (no ring)

@: no status effects
A: horns 2, retaliatory headbutt
a: no special abilities


You were on level 3 of the Dungeon.
You visited 1 branch of the dungeon, and saw 3 of its levels.

You collected 186 gold pieces.

Inventory:

Hand Weapons
 a - a +0 war axe (weapon)
Armour
 b - a +0 scale mail (worn)
 c - a +0 kite shield (worn)
 f - a +0 pair of boots (worn)
Jewellery
 n - an amulet of regeneration
Wands
 k - a wand of charming (5)
Scrolls
 e - 3 scrolls of teleportation {unknown}
 g - a scroll of noise {unknown}
 h - a scroll of vulnerability {unknown}
 j - a scroll of immolation {unknown}
 l - a scroll of fear {unknown}
Potions
 d - a potion of might
 i - 2 potions of curing {unknown}
 m - a potion of heal wounds {unknown}
 o - a potion of invisibility {unknown}
 p - a potion of degeneration {unknown}


   Skills:
 + Level 4.3 Fighting
 + Level 3.9 Axes
 + Level 4.1 Armour
 + Level 4.2 Shields


You had 3 spell levels left.
You didn't know any spells.
Your spell library contained the following spells:

 Spells                   Type           Power      Damage    Failure   Level
 Magic Dart               Conj           0%         1d3       99%         1
 Searing Ray              Conj           0%         3d3       100%        2
 Dazzling Flash           Conj/Hex       0%         N/A       100%        3
 Fulminant Prism          Conj/Hex       0%         3d6       100%        4
 Iskenderun's Mystic Bla  Conj/Tloc      0%         2d3       100%        4


Dungeon Overview and Level Annotations

Branches:
Dungeon (3/15)

Altars:

Annotations:
D:3 2 runed translucent doors, Grinder


Innate Abilities, Weirdness & Mutations

You have a pair of horns on your head.
You reflexively headbutt those who attack you in melee.


Message History

Unknown command.
You slash Grinder!
Grinder is heavily wounded.
Grinder closely misses you.
You barely miss Grinder.
Grinder is heavily wounded.
Grinder gestures at you. Pain shoots through your body!
Grinder hits you but does no damage.
You hit Grinder but do no damage.
Grinder is heavily wounded.
Grinder gestures at you.
You suddenly lose the ability to move!
Grinder hits you!
You writhe in agony.
Grinder hits you!
* * * LOW HITPOINT WARNING * * *
You writhe in agony.
* * * LOW HITPOINT WARNING * * *
You can move again.
Unknown command.
You barely miss Grinder.
Grinder is heavily wounded.
Grinder barely misses you. Grinder hits you!
* * * LOW HITPOINT WARNING * * *
You barely miss Grinder. You headbutt Grinder.
Grinder is heavily wounded.
Grinder hits you but does no damage.
You closely miss Grinder.
Grinder is heavily wounded.
You block Grinder's attack.
Grinder says, "Wait up."
You block Grinder's attack.
You hit Grinder.
Grinder is severely wounded.
Grinder gestures at you.
You barely resist. Grinder hits you but does no damage.
You barely miss Grinder. You headbutt Grinder!
Grinder is almost dead.
Grinder gestures at you. Pain shoots through your body!
You die...

#..<......##
#.####....# #.# ##.#.#
### #.# #.#.# #.. #.#
#.#.# #.# #.#####.#.##
#.# #.#........... #5#
#.#.........##
#####@#+#.#.#####.....
#.........#.# #..###
#.........#.#####..###
#.........#>..........
#.........#.#####..###
#..................# #
#.(.......#.######(# #
#..................# #
#.........#.######## #


You could see Grinder.

Vanquished Creatures
  A scorpion zombie (D:3)
  2 adders (D:3)
  A gnoll (D:1)
  A dart slug (D:3)
  4 endoplasms
  A giant cockroach (D:3)
  5 goblins
  3 hobgoblins
  4 kobolds
  A quokka (D:2)
  A ball python (D:1)
  3 bats
  3 rats
30 creatures vanquished.

Notes
Turn   | Place    | Note
-------+----------+-------------------------------------------
     0 | D:1      | st0uf the Minotaur Fighter began the quest for the Orb.
     0 | D:1      | Reached XP level 1. HP: 19/19 MP: 0/0
   209 | D:1      | Reached XP level 2. HP: 22/27 MP: 1/1
   659 | D:1      | You fall into a shaft and drop 1 floor!
  1337 | D:2      | Reached XP level 3. HP: 33/33 MP: 2/2
  1772 | D:3      | Reached XP level 4. HP: 37/40 MP: 3/3
  1831 | D:3      | Found a large runed translucent door.
  1831 | D:3      | Found a large runed translucent door.
  2041 | D:3      | Found a faded altar of an unknown god.
  2460 | D:3      | Noticed Grinder
  2464 | D:3      | Paralysed by Grinder for 2 turns
  2468 | D:3      | Paralysed by Grinder for 3 turns
  2475 | D:3      | Killed from afar by Grinder

Illustrated notes

Levels and vault maps discovered:
D:1:      nzn_arrival_water_spiral, layout_loops_corners
D:2:      layout_loops_corners
D:3:      layout_basic, jmf_multi_god_temple2, ebering_ecumenical_altar_box,
          hangedman_decor_points, uniq_grinder

Skill      XL: |  1  2 |
---------------+-------+-----
Armour         | 4 |  4.1
Fighting       | 4 |  4.3
Shields        | 4 |  4.2
Axes           | 3 |  3.9

Action                   |  1- 3 |  4- 6 || total
-------------------------+-------+-------++-------
Melee: War axe           |    59 |    19 ||    78
       Headbutt          |    12 |     5 ||    17
Armor: Scale mail        |    25 |    13 ||    38
Dodge: Dodged            |    15 |     2 ||    17
Block: Kite shield       |    32 |     5 ||    37

Table legend: (Time is in decaauts)
 A = Elapsed time spent in this place.
 B = Non-inter-level travel time spent in this place.
 C = Inter-level travel time spent in this place.
 D = Time resting spent in this place.
 E = Time spent auto-exploring this place.
 F = Levels seen in this place.
 G = Mean time per level.
                   A        B        C        D        E       F      G
               +--------+--------+--------+--------+--------+-----+--------+
         Total |   2518 |   2509 |      9 |      0 |   2203 |   3 |  839.3 |
       Dungeon |   2518 |   2509 |      9 |      0 |   2203 |   3 |  839.3 |
               +--------+--------+--------+--------+--------+-----+--------+

Top non-repeatable levels by time:
     D:3: 1000 daAuts
     D:2: 844 daAuts
     D:1: 673 daAuts
